[Event "2nd Mix Bassano 2021"]
[Site "Bassano del Grappa"]
[Date "2021.03.27"]
[Round "8.4"]
[White "Moroni, Luca Jr"]
[Black "Niemann, Hans Moke"]
[Result "1-0"]
[ECO "D43"]
[WhiteElo "2552"]
[BlackElo "2526"]
[Annotator "ChessBase"]
[PlyCount "73"]
[EventDate "2021.03.24"]
[EventType "swiss"]
[EventCountry "ITA"]
[SourceTitle "playchess.com"]
[Source "ChessBase"]
[SourceQuality "1"]
[TimeControl "5400+30"]

1. d4 d5 2. c4 c6 3. Nc3 Nf6 4. Nf3 e6 5. Bg5 h6 6. Bh4 dxc4 7. e4 g5 8. Bg3 b5 9. Qc2 Bb7 10. Be2 Nh5 11. Be5 f6 12. Nh4 Ng7 13. Bxb8 gxh4 14. Bf4 Qxd4 15. Rd1 Qb6 16. e5 f5 17. Bxh6 Rd8 18. Bg5 Rxd1+ 19. Qxd1 h3 20. Bf3 hxg2 21. Bxg2 Bc5 22. Qd2 Bd4 23. Bf6 Rh7 24. Qg5 Kf7 25. O-O c5 26. Bd8 Bxe5 27. Qe7+ Kg8 28. Bxb7 Bxh2+ 29. Kg2 Qd6 30. Rd1 Qf4 31. Rd7 Qg4+ 32. Kf1 Qg1+ 33. Ke2 Rh3 34. Qf7+ Kh8 35. Bf6 Qg4+ 36. f3 Qg2+ 37. Kd1 1-0

[Event "2nd Mix Bassano 2021"]
[Site "Bassano del Grappa"]
[Date "2021.03.27"]
[Round "8.5"]
[White "Formento, Paolo"]
[Black "Bjerre, Jonas Buhl"]
[Result "1/2-1/2"]
[ECO "A21"]
[WhiteElo "2329"]
[BlackElo "2549"]
[Annotator "ChessBase"]
[PlyCount "88"]
[EventDate "2021.03.24"]
[EventType "swiss"]
[EventCountry "ITA"]
[SourceTitle "playchess.com"]
[Source "ChessBase"]
[SourceQuality "1"]
[TimeControl "5400+30"]

1. c4 e5 2. Nc3 Bb4 3. e4 Nc6 4. Nge2 d6 5. a3 Bc5 6. b4 Bb6 7. d3 f5 8. exf5 Bxf5 9. Be3 Nf6 10. Ng3 Be6 11. Be2 O-O 12. O-O Qd7 13. Na4 Bd4 14. Rb1 a6 15. Bf3 Bg4 16. Bxc6 Qxc6 17. Qb3 Be6 18. Bxd4 exd4 19. Ne2 b5 20. Nb2 Qb6 21. Qc2 Nd7 22. a4 c5 23. cxb5 axb5 24. bxc5 dxc5 25. axb5 Qxb5 26. Nc4 Qc6 27. Ra1 Bd5 28. f3 Ra6 29. Ng3 Rfa8 30. Rxa6 Qxa6 31. Ne4 Bxc4 32. Qxc4+ Qxc4 33. dxc4 Ra4 34. Rc1 Kf7 35. Rc2 Ke6 36. Re2 Kf5 37. Kf2 Ra1 38. Nd6+ Kf6 39. h4 Ra6 40. Ne4+ Kg6 41. g4 h6 42. h5+ Kf7 43. Kg3 Rc6 44. Kf4 Nb6 1/2-1/2

[Event "2nd Mix Bassano 2021"]
[Site "Bassano del Grappa"]
[Date "2021.03.27"]
[Round "8.7"]
[White "Martin Duque, Jesus"]
[Black "Janzelj, Tim"]
[Result "1/2-1/2"]
[ECO "B11"]
[WhiteElo "2454"]
[BlackElo "2468"]
[Annotator "ChessBase"]
[PlyCount "174"]
[EventDate "2021.03.24"]
[EventType "swiss"]
[EventCountry "ITA"]
[SourceTitle "playchess.com"]
[Source "ChessBase"]
[SourceQuality "1"]
[TimeControl "5400+30"]

1. e4 c6 2. Nf3 d5 3. Nc3 dxe4 4. Nxe4 Nf6 5. Qe2 Nxe4 6. Qxe4 Be6 7. b3 Nd7 8. Bb2 Nf6 9. Qe2 Bf5 10. Nd4 Bg6 11. h4 Qa5 12. g4 h5 13. g5 Nd5 14. a3 e6 15. c4 Nf4 16. Qe3 Bd6 17. Nf3 O-O-O 18. b4 Qf5 19. Bxg7 Rhe8 20. Be5 Bxe5 21. Nxe5 Bh7 22. d3 f6 23. gxf6 Qxf6 24. O-O-O Ng6 25. Nxg6 Qa1+ 26. Kd2 Qb2+ 27. Ke1 Bxg6 28. Rg1 Bf5 29. Be2 Qxa3 30. b5 Rg8 31. Rg5 cxb5 32. Rc1 b4 33. c5 Rxg5 34. hxg5 b3 35. c6 Qa5+ 36. Kf1 b2 37. cxb7+ Kb8 38. Rb1 e5 39. f4 e4 40. dxe4 Qa2 41. Bd3 Be6 42. Kf2 Qb3 43. Qc5 Qxd3 44. Qe5+ Qd6 45. Qxd6+ Rxd6 46. Rxb2 a5 47. f5 Bc4 48. Ke3 h4 49. e5 Rd1 50. Rh2 h3 51. g6 a4 52. f6 Rf1 53. Rf2 h2 54. Rxh2 a3 55. Rf2 Re1+ 56. Kf4 a2 57. f7 a1=Q 58. f8=Q+ Kxb7 59. Qb4+ Ka8 60. Qf8+ Kb7 61. Qe7+ Kc6 62. Qd6+ Kb7 63. Qb4+ Ka8 64. Qf8+ Kb7 65. Qe7+ Kc6 66. Rd2 Rf1+ 67. Kg5 Qc1 68. Qd7+ Kc5 69. Qd4+ Kb5 70. Qd7+ Kb4 71. Qd4 Rd1 72. Qb2+ Qxb2 73. Rxb2+ Kc3 74. Rf2 Re1 75. Kf6 Kd4 76. Rf5 Kd5 77. g7 Kc6 78. Ke7 Rg1 79. Kf8 Kd7 80. Rf6 Be6 81. Rf2 Bb3 82. Rf6 Be6 83. Rf2 Bd5 84. Rf6 Be6 85. Rxe6 Kxe6 86. g8=Q+ Rxg8+ 87. Kxg8 Kxe5 1/2-1/2

[Event "2nd Mix Bassano 2021"]
[Site "Bassano del Grappa"]
[Date "2021.03.27"]
[Round "8.8"]
[White "Pasini, Nicolo"]
[Black "Shetty, Atulya"]
[Result "0-1"]
[ECO "C01"]
[WhiteElo "2220"]
[BlackElo "2447"]
[Annotator "NA"]
[PlyCount "116"]
[EventDate "2021.03.24"]
[EventType "swiss"]
[EventCountry "ITA"]
[SourceTitle "playchess.com"]
[Source "ChessBase"]
[SourceQuality "1"]
[TimeControl "5400+30"]

1. e4 e6 2. d4 d5 3. Bd3 c5 4. exd5 exd5 5. Nf3 Nf6 6. O-O c4 7. Re1+ Be7 8. Bf1 O-O 9. b3 cxb3 10. axb3 Nc6 11. Na3 Bg4 12. Bb2 a6 13. h3 Bh5 14. g4 Bg6 15. Ne5 Rc8 16. Nxg6 hxg6 17. Bg2 Bd6 18. Nb1 Ne7 19. Qd3 Bb8 20. Ba3 Re8 21. Nd2 Nc6 22. Rxe8+ Qxe8 23. Kf1 Nxd4 24. Re1 Ne6 25. Bb2 Qd8 26. Bxf6 Qxf6 27. Bxd5 Nf4 28. Qe4 Qh4 29. Re3 Nxd5 30. Qxd5 Bf4 31. Rd3 Bxd2 32. Rxd2 Qxh3+ 33. Qg2 Qc3 34. Qxb7 Re8 35. Rd3 Qxc2 36. Rf3 Rf8 37. Qxa6 Qe4 38. Rg3 Ra8 39. Qxa8+ Qxa8 40. g5 Qd5 41. Kg1 Kf8 42. Kh2 Ke7 43. Re3+ Kd6 44. Rg3 Ke5 45. Kg1 Kf4 46. Kf1 f5 47. gxf6 gxf6 48. Kg1 g5 49. Kh2 Qd2 50. Kg2 g4 51. Kf1 f5 52. Kg2 Ke4 53. b4 Qxb4 54. Re3+ Kf4 55. Rg3 Kg5 56. Kh2 Qe1 57. Rg2 Kh4 58. f3 g3+ 0-1

[Event "2nd Mix Bassano 2021"]
[Site "Bassano del Grappa"]
[Date "2021.03.27"]
[Round "8.9"]
[White "Hapala, Elisabeth"]
[Black "Deuer, Marius"]
[Result "0-1"]
[ECO "C95"]
[WhiteElo "2116"]
[BlackElo "2231"]
[Annotator "NA"]
[PlyCount "120"]
[EventDate "2021.03.24"]
[EventType "swiss"]
[EventCountry "ITA"]
[SourceTitle "playchess.com"]
[Source "ChessBase"]
[SourceQuality "1"]
[TimeControl "5400+30"]

1. e4 e5 2. Nf3 Nc6 3. Bb5 a6 4. Ba4 Nf6 5. O-O Be7 6. Re1 b5 7. Bb3 d6 8. c3 O-O 9. h3 Nb8 10. d4 Nbd7 11. Nbd2 Bb7 12. Bc2 Re8 13. Nf1 Bf8 14. Ng3 g6 15. a4 c5 16. d5 c4 17. Bg5 Nc5 18. Nh2 Be7 19. Be3 Qc7 20. Qd2 h5 21. Bg5 Qd8 22. Nf3 Nfd7 23. Be3 Qc7 24. Rf1 h4 25. Ne2 bxa4 26. Ng5 Nb3 27. Bxb3 axb3 28. f3 Nc5 29. Kh1 Kg7 30. Qe1 Rh8 31. Qd2 Nd3 32. f4 Bxg5 33. fxg5 Nc5 34. Bxc5 Qxc5 35. Ng1 Rh5 36. Rf6 a5 37. Raf1 Rf8 38. Nf3 Bc8 39. Ra1 Bd7 40. Qe1 a4 41. Nxh4 Rxg5 42. Qf1 Be8 43. Rf2 Rh5 44. Nf3 Bd7 45. Nd2 Rhh8 46. Rf3 Bb5 47. Qe2 Ra8 48. Raf1 Rhf8 49. Nb1 Bd7 50. Na3 f5 51. exf5 Bxf5 52. Qxc4 Qxc4 53. Nxc4 Be4 54. Rxf8 Rxf8 55. Ra1 Bxd5 56. Nxd6 Rf2 57. Kg1 Rxg2+ 58. Kf1 Rxb2 59. Rxa4 Rb1+ 60. Ke2 b2 0-1

[Event "2nd Mix Bassano 2021"]
[Site "Bassano del Grappa"]
[Date "2021.03.27"]
[Round "8.10"]
[White "Di Benedetto, Edoardo"]
[Black "Tomazini, Zan"]
[Result "1/2-1/2"]
[ECO "B06"]
[WhiteElo "2400"]
[BlackElo "2416"]
[Annotator "ChessBase"]
[PlyCount "64"]
[EventDate "2021.03.24"]
[EventType "swiss"]
[EventCountry "ITA"]
[SourceTitle "playchess.com"]
[Source "ChessBase"]
[SourceQuality "1"]
[TimeControl "5400+30"]

1. e4 g6 2. d4 Bg7 3. Nc3 d6 4. Be3 a6 5. Qd2 b5 6. h4 h5 7. f3 Bb7 8. Nh3 Nd7 9. Ng5 Ngf6 10. O-O-O e6 11. Bd3 Qe7 12. Kb1 c5 13. dxc5 dxc5 14. e5 Nxe5 15. Nce4 Nxe4 16. Nxe4 Bxe4 17. Bxe4 Nc4 18. Bc6+ Kf8 19. Qd7 Nxe3 20. Bxa8 Nxd1 21. Rxd1 Be5 22. Bb7 a5 23. Qxb5 Kg7 24. a4 Bd4 25. c3 Bf2 26. Rd7 Qxh4 27. Qxa5 Rf8 28. Qb6 Qxa4 29. Qxe6 Kg8 30. Qe7 Bd4 31. cxd4 Qd1+ 32. Ka2 Qa4+ 1/2-1/2

[Event "2nd Mix Bassano 2021"]
[Site "Bassano del Grappa"]
[Date "2021.03.28"]
[Round "9.1"]
[White "Peralta, Fernando"]
[Black "Checa, Nicolas"]
[Result "1/2-1/2"]
[ECO "D16"]
[WhiteElo "2561"]
[BlackElo "2546"]
[Annotator "ChessBase"]
[PlyCount "31"]
[EventDate "2021.03.24"]
[EventType "swiss"]
[EventCountry "ITA"]
[SourceTitle "playchess.com"]
[Source "ChessBase"]
[SourceQuality "1"]
[TimeControl "5400+30"]

1. d4 d5 2. c4 c6 3. Nf3 Nf6 4. Nc3 dxc4 5. a4 e6 6. e3 c5 7. Bxc4 Nc6 8. O-O Be7 9. Qe2 cxd4 10. Rd1 O-O 11. exd4 Nb4 12. Ne5 Bd7 13. Bg5 Bc6 14. a5 h6 15. Bh4 Bd5 16. Bxf6 1/2-1/2

[Event "2nd Mix Bassano 2021"]
[Site "Bassano del Grappa"]
[Date "2021.03.28"]
[Round "9.3"]
[White "Bernadskiy, Vitaliy"]
[Black "Formento, Paolo"]
[Result "1-0"]
[ECO "B01"]
[WhiteElo "2599"]
[BlackElo "2329"]
[Annotator "ChessBase"]
[PlyCount "59"]
[EventDate "2021.03.24"]
[EventType "swiss"]
[EventCountry "ITA"]
[SourceTitle "playchess.com"]
[Source "ChessBase"]
[SourceQuality "1"]
[TimeControl "5400+30"]

1. e4 d5 2. exd5 Qxd5 3. Nc3 Qd8 4. Nb1 Qd5 5. Nc3 Qa5 6. d4 Nf6 7. Nf3 Bf5 8. Bc4 e6 9. Bd2 c6 10. O-O Nbd7 11. Re1 Qc7 12. Nh4 Bg4 13. Qc1 O-O-O 14. Bf1 Bh5 15. a4 h6 16. g3 g5 17. Ng2 e5 18. Be3 Bb4 19. d5 Nxd5 20. Bxa7 Nxc3 21. bxc3 Bxc3 22. a5 Bxa5 23. Ne3 Bxe1 24. Qxe1 e4 25. Qb4 c5 26. Qb3 Qe5 27. Rb1 b6 28. Nd5 Nf6 29. Nxb6+ Kc7 30. Nc4 1-0

[Event "2nd Mix Bassano 2021"]
[Site "Bassano del Grappa"]
[Date "2021.03.28"]
[Round "9.4"]
[White "Bjerre, Jonas Buhl"]
[Black "Bellahcene, Bilel"]
[Result "1-0"]
[ECO "E04"]
[WhiteElo "2549"]
[BlackElo "2517"]
[Annotator "ChessBase"]
[PlyCount "83"]
[EventDate "2021.03.24"]
[EventType "swiss"]
[EventCountry "ITA"]
[SourceTitle "playchess.com"]
[Source "ChessBase"]
[SourceQuality "1"]
[TimeControl "5400+30"]

1. d4 Nf6 2. c4 e6 3. Nf3 d5 4. g3 dxc4 5. Bg2 Bb4+ 6. Bd2 c5 7. Bxb4 cxb4 8. Ne5 O-O 9. a3 Nc6 10. Bxc6 bxc6 11. axb4 Bb7 12. O-O Nd5 13. Qd2 Qe7 14. Rc1 f6 15. Nxc4 Nxb4 16. Na5 Rab8 17. Rc5 Ba8 18. Ra4 Na6 19. Nxc6 Qb7 20. Rc2 Rbc8 21. Rxa6 Qxa6 22. Ne7+ Kf7 23. Rxc8 Rxc8 24. Nxc8 Qxc8 25. f3 h5 26. Kf2 Qc7 27. Qc3 Qb6 28. Qc5 e5 29. Qxb6 axb6 30. dxe5 fxe5 31. h4 Ke6 32. Nc3 Kd6 33. b4 Bc6 34. Ke3 Ke6 35. Kd3 Kd6 36. Kc4 Bd7 37. e4 Be8 38. Nb1 Kc6 39. Kc3 Kd6 40. Nd2 Ke6 41. f4 Bc6 42. Kd3 1-0

[Event "2nd Mix Bassano 2021"]
[Site "Bassano del Grappa"]
[Date "2021.03.28"]
[Round "9.5"]
[White "Schreiner, Peter"]
[Black "Diermair, Andreas"]
[Result "1/2-1/2"]
[ECO "B19"]
[WhiteElo "2445"]
[BlackElo "2487"]
[Annotator "ChessBase"]
[PlyCount "21"]
[EventDate "2021.03.24"]
[EventType "swiss"]
[EventCountry "ITA"]
[SourceTitle "playchess.com"]
[Source "ChessBase"]
[SourceQuality "1"]
[TimeControl "5400+30"]

1. e4 c6 2. d4 d5 3. Nd2 dxe4 4. Nxe4 Bf5 5. Ng3 Bg6 6. h4 h6 7. Nf3 Nd7 8. h5 Bh7 9. Bd3 Bxd3 10. Qxd3 e6 11. Bd2 1/2-1/2

[Event "2nd Mix Bassano 2021"]
[Site "Bassano del Grappa"]
[Date "2021.03.28"]
[Round "9.6"]
[White "Shetty, Atulya"]
[Black "Deuer, Marius"]
[Result "1/2-1/2"]
[ECO "A34"]
[WhiteElo "2447"]
[BlackElo "2231"]
[Annotator "ChessBase"]
[PlyCount "83"]
[EventDate "2021.03.24"]
[EventType "swiss"]
[EventCountry "ITA"]
[SourceTitle "playchess.com"]
[Source "ChessBase"]
[SourceQuality "1"]
[TimeControl "5400+30"]

1. c4 c5 2. g3 Nf6 3. Bg2 d5 4. cxd5 Nxd5 5. Nc3 Nc7 6. Nf3 Nc6 7. O-O e5 8. a3 Rb8 9. Rb1 f6 10. d3 Be7 11. Be3 Be6 12. Nd2 Qd7 13. b4 cxb4 14. axb4 Nd4 15. f4 exf4 16. gxf4 O-O 17. Nf3 Ncb5 18. Nxb5 Nxb5 19. Qd2 Rbc8 20. Qb2 Rfd8 21. Rfe1 b6 22. Bd2 Bg4 23. Qb3+ Kh8 24. Qa4 Qf5 25. Kh1 Bxf3 26. Bxf3 Nd4 27. Be4 Qh5 28. Qxa7 Re8 29. Qxb6 Nxe2 30. Qa5 Bc5 31. Bb7 Ng3+ 32. Kg2 Ne4 33. Bxe4 Rxe4 34. bxc5 Qg4+ 35. Kf2 Rd4 36. Rg1 Qh3 37. Be3 Rxd3 38. Qe1 Re8 39. Rg3 Qxh2+ 40. Rg2 Qh4+ 41. Kf1 Qh1+ 42. Kf2 1/2-1/2

[Event "2nd Mix Bassano 2021"]
[Site "Bassano del Grappa"]
[Date "2021.03.28"]
[Round "9.7"]
[White "Niemann, Hans Moke"]
[Black "Di Benedetto, Edoardo"]
[Result "0-1"]
[ECO "D00"]
[WhiteElo "2526"]
[BlackElo "2400"]
[Annotator "ChessBase"]
[PlyCount "117"]
[EventDate "2021.03.24"]
[EventType "swiss"]
[EventCountry "ITA"]
[SourceTitle "playchess.com"]
[Source "ChessBase"]
[SourceQuality "1"]
[TimeControl "5400+30"]

1. d4 Nf6 2. Nc3 d5 3. Bf4 c6 4. e3 Bf5 5. f3 e6 6. g4 Bg6 7. h4 h6 8. Bd3 Bxd3 9. Qxd3 Bd6 10. Nge2 Bxf4 11. exf4 Nbd7 12. O-O-O Qc7 13. h5 O-O-O 14. Kb1 Ne8 15. f5 e5 16. Rhe1 Nef6 17. f4 exd4 18. Qxd4 Qb6 19. Rg1 Qxd4 20. Nxd4 Rde8 21. Rdf1 Ne4 22. Kc1 Nxc3 23. bxc3 Nf6 24. g5 hxg5 25. fxg5 Nxh5 26. g6 Ref8 27. Re1 Kd7 28. Nf3 f6 29. Rg4 c5 30. Rh1 Rh6 31. Rh3 Rfh8 32. Kd2 Kd6 33. c4 dxc4 34. Rxc4 Kd5 35. Rg4 b5 36. Rgh4 a5 37. a4 b4 38. Rg4 Re8 39. Rhh4 Kc6 40. Rh2 Rd8+ 41. Ke3 Rd5 42. Nh4 Rh8 43. Kf3 Re8 44. Rc4 Rde5 45. Rf2 Re3+ 46. Kg2 Rg3+ 47. Kh2 Ree3 48. Ng2 Rh3+ 49. Kg1 Ra3 50. Rd2 Ra1+ 51. Kf2 Ng3 52. Nf4 Rh2+ 53. Kxg3 Rxd2 54. Ne6 Ra3+ 55. Kf4 Rf2+ 56. Kg4 Rc3 57. Re4 Rg2+ 58. Kf4 Rcxc2 59. Re1 0-1

[Event "2nd Mix Bassano 2021"]
[Site "Bassano del Grappa"]
[Date "2021.03.28"]
[Round "9.8"]
[White "Solomon, Kenny"]
[Black "Martin Duque, Jesus"]
[Result "1/2-1/2"]
[ECO "E12"]
[WhiteElo "2357"]
[BlackElo "2454"]
[Annotator "ChessBase"]
[PlyCount "127"]
[EventDate "2021.03.24"]
[EventType "swiss"]
[EventCountry "ITA"]
[SourceTitle "playchess.com"]
[Source "ChessBase"]
[SourceQuality "1"]
[TimeControl "5400+30"]

1. d4 Nf6 2. c4 b6 3. Nc3 Bb7 4. Qc2 d5 5. cxd5 Nxd5 6. Nf3 Nxc3 7. bxc3 e6 8. e4 Be7 9. Bb5+ c6 10. Bd3 c5 11. O-O cxd4 12. cxd4 O-O 13. Bb2 Nc6 14. a3 Rc8 15. Qe2 Bf6 16. e5 Be7 17. Qe4 g6 18. Qe3 Na5 19. Nd2 b5 20. Rfc1 Nc4 21. Bxc4 bxc4 22. Bc3 Bd5 23. Bb4 a5 24. Bxe7 Qxe7 25. Rc3 Rc7 26. Rac1 Rfc8 27. Qf4 Kg7 28. h4 f5 29. Nf1 h6 30. Ne3 Qd8 31. Nf1 Kh7 32. Qd2 Be4 33. Nh2 Qd5 34. Nf3 Rd7 35. Rd1 Rb8 36. Ne1 Qb5 37. Qc1 Rc8 38. f3 Bd5 39. Nd3 Rdc7 40. Nf4 Qd7 41. Qd2 Rb8 42. Rdc1 Rbc8 43. R3c2 a4 44. Rc3 Rb7 45. Nd3 Qe7 46. Nc5 Rbb8 47. Qf2 Qe8 48. Qc2 Ra8 49. Rb1 Qe7 50. h5 gxh5 51. Rxc4 Qg5 52. Rc3 Rg8 53. Nd7 Qf4 54. Nf6+ Kh8 55. Rc7 Qxd4+ 56. Kf1 Rg7 57. Rc8+ Rg8 58. Rc7 Rg7 59. Rc8+ Rg8 60. Rc7 Rg7 61. Nxd5 Qxd5 62. Rxg7 Kxg7 63. Qc7+ Kg6 64. Rb7 1/2-1/2

[Event "2nd Mix Bassano 2021"]
[Site "Bassano del Grappa"]
[Date "2021.03.28"]
[Round "9.9"]
[White "Janzelj, Tim"]
[Black "Yu, Jennifer"]
[Result "1-0"]
[ECO "C54"]
[WhiteElo "2468"]
[BlackElo "2275"]
[Annotator "ChessBase"]
[PlyCount "51"]
[EventDate "2021.03.24"]
[EventType "swiss"]
[EventCountry "ITA"]
[SourceTitle "playchess.com"]
[Source "ChessBase"]
[SourceQuality "1"]
[TimeControl "5400+30"]

1. e4 e5 2. Nf3 Nc6 3. Bc4 Bc5 4. c3 Nf6 5. d3 d6 6. Bb3 h6 7. h3 O-O 8. Nbd2 a5 9. a4 Be6 10. Bc2 d5 11. Qe2 Re8 12. Nf1 Bb6 13. g4 Nh7 14. Ng3 Qf6 15. Bd2 Ng5 16. Nxg5 hxg5 17. Nf5 Qg6 18. h4 gxh4 19. O-O-O f6 20. Rxh4 Kf7 21. Rdh1 Rg8 22. d4 Ne7 23. Nxe7 Kxe7 24. exd5 Qe8 25. dxe6 exd4 26. g5 1-0

[Event "2nd Mix Bassano 2021"]
[Site "Bassano del Grappa"]
[Date "2021.03.28"]
[Round "9.10"]
[White "Tomazini, Zan"]
[Black "Hapala, Elisabeth"]
[Result "1-0"]
[ECO "B22"]
[WhiteElo "2416"]
[BlackElo "2116"]
[Annotator "ChessBase"]
[PlyCount "109"]
[EventDate "2021.03.24"]
[EventType "swiss"]
[EventCountry "ITA"]
[SourceTitle "playchess.com"]
[Source "ChessBase"]
[SourceQuality "1"]
[TimeControl "5400+30"]

1. e4 c5 2. Nf3 e6 3. c3 Nf6 4. e5 Nd5 5. d4 cxd4 6. cxd4 b6 7. Bc4 Ba6 8. b3 Qc8 9. Nbd2 Be7 10. O-O O-O 11. Re1 d6 12. Ba3 Qd8 13. Bxd5 exd5 14. e6 fxe6 15. Rxe6 Bc8 16. Re3 Bf6 17. Nf1 Na6 18. Rc1 Nc7 19. Qc2 Nb5 20. Qc6 Ba6 21. Qxd5+ Kh8 22. Bb4 Rc8 23. Rce1 g6 24. a4 Nc7 25. Qxd6 Nd5 26. Qxf8+ Qxf8 27. Bxf8 Nxe3 28. fxe3 Rxf8 29. Rc1 g5 30. Rc7 Bxf1 31. Kxf1 g4 32. Rxa7 gxf3 33. gxf3 Bg5 34. Ke2 Re8 35. e4 Rc8 36. Kd3 Rf8 37. Rb7 Rxf3+ 38. Kc4 Rf2 39. Rxb6 Rxh2 40. a5 Ra2 41. a6 Kg7 42. b4 h5 43. Rb7+ Kg6 44. a7 h4 45. b5 h3 46. Rb6+ Kg7 47. Ra6 Rxa6 48. bxa6 h2 49. a8=Q h1=Q 50. Qb7+ Kg6 51. a7 Qc1+ 52. Kd5 Bf6 53. a8=Q Qg5+ 54. Kc6 Bd8 55. Qa3 1-0